 Dungeon Crawl Stone Soup version 0.11.3 (webtiles) character file.

680291 CodaKJazz the Eclecticist (level 27, -34/159 (195) HPs)
             Began as a Sludge Elf Stalker on June 14, 2023.
             Was the Champion of Nemelex Xobeh.
             Killed from afar by an ancient lich (75 damage)
             ... with a bolt of negative energy
             ... on Level 5 of the Realm of Zot on June 18, 2023.
             The game lasted 15:19:57 (152553 turns).

CodaKJazz the Eclecticist (Sludge Elf Stalker)    Turns: 152553, Time: 15:19:58

HP -34/159 (195) AC 35     Str 16      XL: 27
MP  21/47        EV 41     Int 23      God: Nemelex Xobeh [******]
Gold 77          SH 32     Dex 23      Spells: 20 memorised,  5 levels left

Res.Fire  : + + +   See Invis. : +   a - +7,+8 demon blade (drain)
Res.Cold  : . . .   Warding    : .   h - +6 mottled dragon armour
Life Prot.: . . .   Conserve   : .   E - +3 shield of the Eternal Void {rElec rF+}
Res.Poison: +       Res.Corr.  : +   k - +2 cap "Plejeetsoodu" {+Lev rF+ Dex+1}
Res.Elec. : +       Clarity    : .   c - +1 cloak of the Thief {+Inv +Lev EV+2 Dex+
Sust.Abil.: . .     Spirit.Shd : .   o - +2 pair of gauntlets {Str+3}
Res.Mut.  : .       Prev.Telep.: +   b - +1 pair of boots
Res.Rott. : .       Ctrl.Telep.: x   m - amulet of Frurphiu {rCorr -Tele rF+ Stlth+ Saprovore : . . . Levitation : . O - ring of Vitality {Regen HP+15} Ctrl.Flight: . q - ring of sustenance

@: repel missiles (expiring), stone skin, phasing, brilliant, very slightly
contaminated, hasted, very quick, very resistant to hostile enchantments, very
stealthy
A: talons 1, blurry vision 1, fast metabolism 1, -10% hp, poison resistance,
screaming 1, AC +5, Int -1, Dex -1
a: Draw One, Peek at Two, Triple Draw, Deal Four, Stack Five, Renounce Religion,
Evoke Invisibility, Evoke Levitation
}: 4/15 runes: decaying, slimy, silver, gossamer


You were on level 5 of the Realm of Zot.
You worshipped Nemelex Xobeh.
Nemelex Xobeh was exalted by your worship.
You were not hungry.

You visited 13 branches of the dungeon, and saw 78 of its levels.
You visited the Abyss 3 times.
You visited 1 bazaar.
You also visited: Bailey.

You collected 7686 gold pieces.
You spent 7352 gold pieces at shops.

Inventory:

Hand weapons
 a - a +7,+8 demon blade of draining (weapon)
 X - the +9,+6 lance "Wyrmbane" (quivered) {slay drac, +Rage rPois rF+ AC+5}
   (You took it off a vault guard on level 8 of the Vaults)

   This legendary weapon is deadly to all dragonkind.
   It also provides some protection from the breath attacks of dragons and other
   creatures.
   It affects your AC (+5).
   It protects you from fire.
   It protects you from poison.
   It lets you go berserk.
Armour
 b - a +1 pair of boots (worn)
 c - the +1 cloak of the Thief (worn) {+Inv +Lev EV+2 Dex+2 Dam-3 SInv Stlth++}
   (You bought it in a shop on level 4 of the Dungeon)

   It affects your evasion (+2).
   It affects your dexterity (+2).
   It affects your damage-dealing abilities (-3).
   It enhances your eyesight.
   It lets you turn invisible.
   It lets you levitate.
   It makes you much more stealthy.
 h - a +6 mottled dragon armour (worn)
 k - the +2 cap "Plejeetsoodu" (worn) {+Lev rF+ Dex+1}
   (You drew the Genie on level 1 of the Swamp)

   It affects your dexterity (+1).
   It protects you from fire.
   It lets you levitate.
 o - a +2 pair of gauntlets of strength (worn)
 E - the +3 shield of the Eternal Void (worn) {rElec rF+}
   (You acquired it on level 4 of the Orcish Mines)

   It protects you from fire.
   It insulates you from electricity.
Magical devices
 d - a wand of lightning (1)
 j - a wand of fireball (2)
 z - a wand of hasting (1)
 G - a wand of disintegration (5)
 I - a wand of draining (0)
 J - a wand of fire (3)
 R - a wand of teleportation (3)
 W - a wand of lightning (0)
Comestibles
 x - 4 honeycombs
Scrolls
 f - a scroll of fog
 F - 4 scrolls of blinking
 H - 4 scrolls of fear
 Q - 5 scrolls of remove curse
 Z - 5 scrolls of teleportation
Jewellery
 g - the amulet of Disaster {rCorr Str+4 Dex-3 Int+3}
   (You took it off a vault guard on level 8 of the Vaults)

   [amulet of resist corrosion]

   It affects your strength (+4).
   It affects your intelligence (+3).
   It affects your dexterity (-3).
 m - the amulet of Frurphiu (around neck) {rCorr -Tele rF+ Stlth++}
   (You found it on level 1 of the Elven Halls)

   [amulet of resist corrosion]

   It protects you from fire.
   It prevents most forms of teleportation.
   It makes you much more stealthy.
 p - an uncursed amulet of conservation
 q - a ring of sustenance (left hand)
 M - an uncursed ring of protection from cold
 O - the ring of Vitality (right hand) {Regen HP+15}
   (You took it off a vault guard on level 8 of the Vaults)

   [ring of regeneration]

   It affects your health (+15).
 V - an uncursed ring of life protection
 Y - a +4,+4 ring of slaying
Potions
 l - 4 potions of brilliance
 s - 2 potions of magic
 t - a potion of heal wounds
 v - a potion of cure mutation
 w - a potion of agility
 y - a potion of invisibility
 A - 4 potions of speed
 B - 3 potions of curing
 P - 3 potions of resistance
 S - 4 potions of restore abilities
 U - 2 potions of might
Miscellaneous
 e - a legendary deck of escape {drawn: 4} {god gift}
 i - an ornate deck of destruction {drawn: 1} {god gift}
 n - a stone of earth elementals
 r - an ornate deck of destruction {drawn: 2} {god gift}
 u - a legendary deck of dungeons {drawn: 1} {god gift}
 C - an ornate deck of escape {the Warp, left: 4} {god gift}
 D - a plain deck of defence {drawn: 1}
 K - an ornate deck of wonders {the Sage, drawn: 1} {god gift}
 L - an ornate deck of war {drawn: 1}
 N - an ornate deck of destruction {drawn: 1} {god gift}


   Skills:
 - Level 19.3 Fighting
   Level 4.0 Short Blades
 - Level 14.0 Long Blades
 - Level 5.2 Throwing
 * Level 12.9 Armour
 - Level 17.8 Dodging
 - Level 2.2 Stealth
 - Level 7.2 Stabbing
 - Level 15.0 Shields
 + Level 14.4 Traps & Doors
 - Level 19.6 Spellcasting
 * Level 11.1 Conjurations
 - Level 6.6 Hexes
 - Level 5.3 Charms
 - Level 1.6 Summonings
 - Level 5.9 Necromancy
 - Level 10.6 Translocations
 - Level 11.4 Transmutations
 * Level 13.7 Fire Magic
 - Level 2.7 Air Magic
 - Level 10.2 Earth Magic
 - Level 19.5 Evocations


You had 5 spell levels left.
You knew the following spells:

 Your Spells              Type           Power        Failure   Level  Hunger
a - Phase Shift           Tloc           #######...   1%          5    None
b - Stoneskin             Trmt/Erth      #######...   1%          2    None
c - Regeneration          Chrm/Necr      #######...   1%          3    None
d - Repel Missiles        Chrm/Air       #######...   1%          2    None
e - Bolt of Magma         Conj/Fire/Erth #######...   1%          5    None
g - Passage of Golubria   Tloc           N/A          1%          4    None
h - Conjure Flame         Conj/Fire      ########.    1%          3    None
i - Vampiric Draining     Necr           #######...   1%          3    None
j - Petrify               Trmt/Erth      #######..    1%          4    None
k - Blink                 Tloc           N/A          1%          2    None
l - Leda's Liquefaction   Trmt/Erth      #######...   1%          4    None
A - Apportation           Tloc           #######...   1%          1    None
B - Summon Butterflies    Summ           ######...    1%          1    None
C - Confuse               Hex            #######..    1%          3    None
D - Dig                   Trmt/Erth      #######..    1%          4    None
F - Fulsome Distillation  Trmt/Necr      N/A          1%          1    None
H - Dispersal             Tloc           #######...   1%          6    ###....
P - Passwall              Trmt/Erth      #######...   1%          3    None
S - Swiftness             Chrm/Air       #######...   1%          2    None
U - Sure Blade            Hex/Chrm       #######...   1%          2    None


Dungeon Overview and Level Annotations

Branches:
Dungeon (27/27)            Temple (1/1) D:7             Orc (4/4) D:11
    Elf (3/3) Orc:3          Lair (8/8) D:8           Swamp (5/5) Lair:3
 Spider (5/5) Lair:4        Slime (6/6) Lair:8       Vaults (8/8) D:18
  Blade (1/1) Vaults:5      Crypt (4/5) Vaults:4        Zot (5/5) D:27
   Tomb: Crypt:2-3      Dis: Hell:1         Geh: Hell:1         Coc: Hell:1
    Tar: Hell:1

Altars:
Ashenzari
Cheibriados
Elyvilon
Fedhas
Kikubaaqudgha
Makhleb
Nemelex Xobeh
Okawaru
Sif Muna
Trog
Vehumet
Xom
Yredelemnul
Zin
the Shining One
Jiyva

Shops:
D:4: *[/ D:11: +( D:12: ! D:21: [+ D:26: [ Orc:2: [ Orc:4: ??+(* Elf:2: % Vaults:1: * Vaults:6: + Vaults:8: !?!??!

Portals:
Hell: D:22 D:23 D:24 D:25 D:26 D:27
Abyss: D:25 D:27
Pandemonium: D:22 D:24 D:25

Annotations
D:8 4 exclusions
D:12 exclusion: downstairs
D:13 exclusion: downstairs
D:16 exclusion: downstairs
D:19 exclusion: 2 downstairs
D:21 exclusion: oklob plant
D:25 exclusion: downstairs
Swamp:3 Mara
Hell Geryon
Zot:4 exclusion: downstairs


Innate Abilities, Weirdness & Mutations

You have sharp toenails.
You are partially covered in molten scales (AC +1).
You are partially covered in rough black scales (AC +4, Dex -1).
Your vision is a little blurry.
You are dopey (Int -1).
You have a fast metabolism.
You are frail (-10% HP).
Your system is resistant to poisons.
You occasionally shout uncontrollably.


Message History

Use which ability? (? or * to list)
Okay, then.
Unknown command.
Unknown command.
Evoke which item? (* to show all) (? for menu, Esc to quit)
Zapping:
z - a wand of hasting (2)
Press: ? - help, Shift-Dir - straight line, f - you You feel yourself speed up.
You are very lightly contaminated with residual magic.
This wand has 1 charge left.
The ancient lich misses you.
The Orb Guardian hits you but does no damage.
You block the Orb Guardian's attack.
Your repel missiles spell is about to expire...
You block the Orb Guardian's attack.
Casting: Bolt of Magma
Confirm with . or Enter, or press ? or * to list all spells.
The ancient lich points at you and mumbles some strange words.
The bolt of negative energy hits you!
You feel drained.
You die...
Your body glows with a rainbow of weird colours and disappears.

##########.########### **********
###....^..........### **,,,,,,,,,
####.............#####*,,,,,,,,,,
####.....^.......#####.,,,,,,,,,,
#####...........#####...,,,,,,,,,
#####......^....#####...,,,,,,,,,
#####..........b#####...,,,,,,,,,
####..........b.b####....,,,,,,,,
####.%.........b@####....,,,,,,,,
###.........^..LXb###....,,,,,,,,
##...###########...###..,,,,,,,,,
....#############....##.,,,,,,,,,
..#################..^^.,,,,,,,,,
########8#8#8##########*********,
#######8...XX8########*,,,,,,,,,,
%######...0.X*######.,,,,,,,,,,,,
...###8.X*##..8###..,,,,,,,,,,,,,


You could see an orb of fire, an ancient lich and 4 Orb Guardians.

Vanquished Creatures
  the royal jelly (Slime:6)
  An orb of fire (Zot:4)
  Boris (D:20)
  A curse toe (Zot:5)
  Norris (Vaults:1)
  Mennas (D:21)
  Margery (D:21)
  Frederick (Vaults:4)
  Saint Roka (D:19)
  10 golden dragons
  Xtahua (D:20)
  Nikola (D:14)
  2 Killer Klowns (Zot:4)
  18 tentacled monstrosities
  A deep elf blademaster (Elf:3)
  A lich (D:26)
  12 shadow dragons
  A titan (Vaults:8)
  An Ice Fiend (Zot:5)
  31 acid blobs
  Kirke (Vaults:1)
  6 Orb Guardians (Zot:5)
  Agnes (D:20)
  2 sphinxes
  Roxanne (D:19)
  2 draconian monks
  A ghoul (D:24)
  Donald (Crypt:3)
  4 frost giants
  3 bone dragons
  A draconian knight (Zot:1)
  15 storm dragons
  Gastronok (Lair:3)
  Frances (Vaults:5)
  4 fire giants
  An iron dragon (Vaults:8)
  A draconian zealot (Zot:4)
  7 ghost moths
  The ghost of crawlian the Scorcher, a mighty DEFE of Sif Muna (Spider:4)
  24 azure jellies
  A draconian annihilator (Zot:5)
  5 draconian callers
  A green draconian (Zot:4)
  2 draconian shifters (Zot:4)
  3 draconian scorchers
  5 emperor scorpions (Spider:5)
  12 deep elf sorcerers
  30 stone giants
  Azrael (Vaults:3)
  2 green deaths (Swamp:5)
  3 black draconians
  2 titan zombies
  6 deep elf death magi (Elf:3)
  3 red draconians
  3 vampire knights
  2 pale draconians
  3 yellow draconians
  A storm dragon zombie (D:18)
  2 grey draconians
  4 dragons
  4 mottled draconians
  4 purple draconians
  5 deep elf annihilators
  2 unborn deep dwarves (D:24)
  12 ettins
  4 great orbs of eyes
  23 vault guards
  A ravenous item mimic (Elf:1)
  2 ravenous feature mimics
  9 ice dragons
  15 death oozes
  21 hydras
  5 death cobs
  An anaconda zombie (Crypt:2)
  33 yaktaur captains
  4 white draconians
  An anaconda skeleton (Crypt:3)
  An anaconda (shapeshifter) (D:27)
  4 wolf spider zombies
  2 frost giant zombies (Vaults:3)
  A fire giant zombie (D:22)
  3 deep elf master archers (Elf:3)
  A shadow dragon skeleton (D:24)
  10 deep elf demonologists
  A sphinx skeleton (Vaults:8)
  10 death yaks
  11 very ugly things
  A dragon (shapeshifter) (D:27)
  4 deep elf high priests (Elf:3)
  6 stone giant zombies
  7 stone giant skeletons
  17 centaur warriors
  4 sun demons (Elf:3)
  Snorg (D:18)
  22 dancing weapons
  An iron golem (D:21)
  15 ogre magi
  2 vapours
  2 iron dragon skeletons
  3 wizards
  A deep dwarf death knight (Abyss)
  Erolcha (Orc:1)
  A fire giant skeleton (Vaults:7)
  A frost giant skeleton (Vaults:5)
  An ice devil (Elf:3)
  3 soul eaters
  A pale draconian zombie (Zot:1)
  53 skeletal warriors
  2 giant orange brains
  27 deep trolls
  An emperor scorpion zombie (Crypt:1)
  6 redback zombies
  A sea snake (shapeshifter) (Vaults:8)
  A white draconian zombie (Zot:1)
  3 dire elephant skeletons
  25 deep elf knights
  An unseen horror (shapeshifter) (D:26)
  6 flayed ghosts
  A giant orange brain (shapeshifter) (D:26)
  4 hell knights
  A black draconian skeleton (Crypt:4)
  14 giant amoebae
  A lindwurm (Zot:5)
  16 hill giants
  6 alligators
  12 unseen horrors
  2 hellions (Abyss)
  7 large abominations
  23 orc knights
  A wolf spider (shapeshifter) (D:27)
  7 swamp dragons
  4 death drakes (Zot:4)
  A siren zombie (Abyss)
  9 orc sorcerers
  3 necromancers
  4 iron trolls
  6 phantasmal warriors
  10 harpies
  A guardian serpent (shapeshifter) (Elf:3)
  An iron troll skeleton (Vaults:3)
  A shining eye (shapeshifter) (Vaults:8)
  A hydra skeleton (D:17)
  5 shining eyes
  Maurice (D:9)
  An alligator zombie (Crypt:1)
  An ettin zombie (Vaults:4)
  4 griffons
  6 black mambas
  A spiny worm (Vaults:3)
  A griffon zombie (D:19)
  A wolf spider simulacrum (D:18)
  17 moths of wrath
  14 cyclopes
  3 elephant slugs
  An ice dragon zombie (Crypt:2)
  3 red wasp zombies
  A feature mimic (D:14)
  2 sixfirhies
  A stone giant simulacrum (Vaults:3)
  24 wolf spiders
  135 slime creatures
  9 red wasps
  13 orange demons
  A queen ant (Lair:2)
  A trapdoor spider zombie (D:16)
  22 spiny frogs
  A fire crab (shapeshifter) (Vaults:8)
  4 hellwings (Abyss)
  11 elephants
  A spiny worm zombie (Vaults:1)
  A slime creature (shapeshifter) (Vaults:8)
  4 guardian mummies
  2 lindwurms (shapeshifter)
  13 rock trolls
  An efreet (D:16)
  A deep dwarf zombie (D:24)
  4 ettin skeletons
  A tormentor (Elf:3)
  An ice dragon skeleton (Spider:2)
  Psyche (D:9)
  44 yaktaurs
  11 small abominations
  A spiny worm (shapeshifter) (Vaults:8)
  2 hill giant zombies
  62 ugly things
  A redback simulacrum (Vaults:1)
  5 smoke demons (Abyss)
  A naga mage (Abyss)
  An iron devil (Elf:3)
  10 demonic crawlers
  4 hill giant skeletons
  A komodo dragon (shapeshifter) (D:18)
  4 eyes of devastation
  Prince Ribbit (D:5)
  17 trolls
  4 queen bees
  A troll (shapeshifter) (Elf:1)
  12 giant leeches
  2 spriggans (shapeshifter)
  A harpy simulacrum (Vaults:4)
  45 two-headed ogres
  A baby alligator zombie (Crypt:1)
  3 rock troll zombies
  23 blink frogs
  8 bog bodies
  10 baby alligators
  A raven (shapeshifter) (D:21)
  7 komodo dragons
  3 rock troll skeletons
  A deep troll skeleton (Vaults:4)
  3 blue devils
  An octopode (shapeshifter) (D:16)
  A baby alligator skeleton (Crypt:1)
  4 basilisks
  A rock troll (shapeshifter) (Vaults:8)
  27 tarantellas
  A grizzly bear (D:12)
  A human (shapeshifter) (Vaults:8)
  2 red wasp simulacra
  26 jumping spiders
  4 wyverns
  14 wraiths
  A tarantella (shapeshifter) (Vaults:8)
  A baby alligator (shapeshifter) (D:21)
  A rotting hulk (Crypt:1)
  A hill giant simulacrum (D:17)
  A chaos spawn (Elf:3)
  12 deep elf conjurers
  5 bumblebees (D:24)
  4 fire elementals (Vaults:3)
  3 vampires
  Eustachio (D:9)
  A neqoxec (Elf:3)
  10 hippogriffs
  2 hungry ghosts
  A fire crab zombie (D:24)
  A hog skeleton (Crypt:1)
  20 trapdoor spiders
  A blink frog skeleton (D:24)
  8 fire drakes
  19 orb spiders
  A yaktaur zombie (D:20)
  11 deep elf summoners
  2 wood golems
  68 yaks
  6 ynoxinuls
  2 merfolk (shapeshifter)
  49 redbacks
  7 golden eyes
  A giant slug zombie (Vaults:1)
  3 hogs (Vaults:1)
  41 swamp worms
  51 vampire mosquitoes
  22 soldier ants
  4 manticores
  A brown ooze (shapeshifter) (Vaults:8)
  2 rock worms
  10 boulder beetles
  9 war dogs
  22 deep elf fighters
  Menkaure (D:7)
  8 mottled dragons
  2 orange crystal statues
  9 necrophages
  71 orc warriors
  4 hell hounds (Vaults:3)
  A cyclops zombie (D:14)
  6 yellow wasps
  2 yaktaur skeletons
  12 deep elf priests
  9 freezing wraiths
  A gargoyle (Vaults:3)
  4 sky beasts
  4 black bears (D:12)
  63 ogres
  A phantom (D:24)
  A black bear (shapeshifter) (Vaults:8)
  3 boulder beetle zombies
  12 brown oozes
  A deep dwarf (shapeshifter) (Vaults:3)
  2 rock worm zombies
  A yak zombie (D:12)
  5 bumblebee zombies
  10 ice beasts
  20 giant goldfish
  13 swamp drakes
  2 hell beasts
  A troll skeleton (Crypt:2)
  16 crocodiles
  A bear zombie (Crypt:2)
  34 centaurs
  7 wargs
  A yak skeleton (D:14)
  A lava worm (D:14)
  A brain worm (D:17)
  3 boring beetles
  A warg (shapeshifter) (Vaults:8)
  12 giant slugs
  18 deep elf magi
  22 water moccasins
  2 centaur zombies (Crypt:3)
  5 nagas (Abyss)
  4 rotting devils
  A yellow wasp zombie (D:23)
  A soldier ant zombie (D:23)
  2 silver statues
  A water moccasin zombie (D:23)
  10 big kobolds
  A gnoll sergeant (D:8)
  11 agate snails
  21 insubstantial wisps
  18 giant frogs
  2 centaur skeletons (Crypt:1)
  7 eyes of draining
  A basilisk skeleton (D:12)
  A warg skeleton (Orc:3)
  A bumblebee simulacrum (Vaults:6)
  A felid zombie (Crypt:1)
  99 killer bees
  13 jellyfish
  26 wights
  18 electric eels
  6 goliath beetles
  A felid skeleton (Crypt:3)
  4 pulsating lumps
  2 big kobold zombies
  5 shadows
  An ogre zombie (Crypt:3)
  A quasit (D:7)
  3 lava snakes (D:14)
  A mottled dragon zombie (D:16)
  2 big kobold skeletons
  7 iron imps
  25 orc priests
  21 worker ants
  19 big fish
  9 crimson imps
  4 scorpions
  40 spiders
  3 hound zombies
  10 iguanas
  14 hounds
  26 deep elf soldiers
  4 hound skeletons
  47 orc wizards
  21 sheep
  A worker ant zombie (D:15)
  12 orange rats
  2 elves (shapeshifter)
  3 porcupines
  19 jellies
  4 boggarts (D:16)
  Terence (D:1)
  4 flying skulls
  3 goliath beetle zombies
  2 mummies
  10 gnolls
  62 green rats
  7 giant centipedes
  2 scorpion zombies
  An adder zombie (Crypt:1)
  6 lemures (Abyss)
  27 adders
  2 adder skeletons
  4 giant mites
  A porcupine zombie (Crypt:1)
  A porcupine skeleton (Crypt:2)
  A shadow imp (Orc:3)
  10 white imps
  A worm (shapeshifter) (D:19)
  30 ufetubi
  9 worms
  9 giant eyeballs
  A giant mite zombie (Crypt:3)
  2 gnoll skeletons
  A green rat zombie (Crypt:2)
  10 oozes
  254 orcs
  46 bats
  27 goblins
  20 grey rats
  21 hobgoblins
  44 jackals
  69 kobolds
  11 ant larvae (Lair:2)
  An ant larva zombie (Crypt:2)
  A ball python (D:1)
  A ball python skeleton (D:26)
  5 giant cockroaches
  16 giant geckos
  9 giant newts
  4 giant spores
  A grey rat zombie (Crypt:2)
  2 hobgoblin skeletons
  A jackal skeleton (Crypt:1)
  A jackal zombie (Crypt:3)
  A kobold skeleton (Crypt:1)
  An orc skeleton (D:5)
  4 orc zombies
  10 quokkas
  A quokka skeleton (Vaults:4)
  A quokka zombie (D:8)
  29 rats
  A rat skeleton (D:6)
  12 ballistomycetes
  A butterfly (Orc:4)
  3 crawling corpses (Elf:3)
  8 fungi
  7 plants
  47 toadstools
3710 creatures vanquished.

Vanquished Creatures (collateral kills)
  A shadow dragon (Vaults:8)
  An acid blob (Slime:6)
  A frost giant (D:25)
  A fire giant (D:25)
  A stone giant (Vaults:8)
  A dire elephant (Lair:8)
  2 deep elf annihilators (Elf:3)
  A deep elf death mage (Elf:3)
  A yaktaur captain (Vaults:8)
  A black draconian (Zot:4)
  A wizard (Lair:8)
  2 deep elf demonologists (Elf:3)
  A deep elf high priest (Elf:3)
  An ice dragon (D:23)
  6 death yaks
  Nergalle (D:14)
  A death drake (Zot:4)
  3 skeletal warriors
  A giant orange brain (Abyss)
  An ice statue (D:25)
  Joseph (D:11)
  7 wolf spiders
  A hill giant (D:11)
  A griffon (Lair:7)
  2 red wasps (Slime:6)
  A shining eye (Slime:6)
  A dragon zombie (D:16)
  3 slime creatures (Slime:6)
  A spiny worm (Spider:2)
  3 elephants (Lair:8)
  5 orange demons
  2 demonic crawlers
  A smoke demon (Lair:1)
  4 komodo dragons
  4 ugly things (D:14)
  A two-headed ogre (D:12)
  A brown ooze (Slime:6)
  5 blink frogs
  A wyvern (D:11)
  3 tarantellas
  A yak (D:16)
  9 jumping spiders
  A chaos spawn (Abyss)
  A merfolk (shapeshifter) (Vaults:8)
  A deep elf conjurer (Elf:1)
  An orb spider (Spider:5)
  A rock worm (Lair:7)
  A ynoxinul (Elf:3)
  3 neqoxecs
  2 deep elf fighters
  7 redbacks
  A fire drake (Zot:4)
  Edmund (D:5)
  An orange crystal statue (D:11)
  A red devil (Elf:3)
  A giant goldfish (Spider:1)
  3 orc warriors (D:20)
  2 yellow wasps (D:14)
  8 ice beasts
  A yak zombie (D:16)
  A tengu (shapeshifter) (D:8)
  A rotting devil (Elf:3)
  2 centaurs (D:14)
  A crocodile (Lair:7)
  2 deep elf magi
  A giant frog (Lair:7)
  An agate snail (Lair:7)
  A water moccasin skeleton (D:12)
  2 spiders (Spider:2)
  3 crimson imps
  A quasit (Elf:3)
  2 iron imps
  A worker ant (Lair:2)
  A deep elf soldier (Elf:3)
  4 jellies
  An orc wizard (D:11)
  A mummy (D:11)
  2 adders (Lair:8)
  A lemure (Abyss)
  A giant centipede zombie (D:16)
  2 white imps
  3 ufetubi
  6 spectral orcs (D:14)
  A fungus (Lair:8)
  2 plants (Lair:8)
168 creatures vanquished.

Vanquished Creatures (others)
  A shadow dragon (Vaults:8)
  A draconian zealot (Zot:5)
  A hydra (D:14)
  3 ogre magi
  2 very ugly things
  A vapour (D:20)
  An unseen horror (Vaults:2)
  A skeletal warrior (Lair:5)
  A redback zombie (Spider:1)
  A trapdoor spider zombie (Spider:1)
  A hydra skeleton (Lair:7)
  A jumping spider zombie (Spider:1)
  2 spiny frogs
  An elephant (D:25)
  15 dancing weapons
  9 ugly things
  3 yaktaurs
  2 small abominations
  A smoke demon (Lair:8)
  2 two-headed ogres (Vaults:7)
  2 polar bears (Slime:6)
  A spiny frog skeleton (Lair:2)
  A yak (D:25)
  2 bumblebees
  A blue devil (D:16)
  A hog (Lair:7)
  8 vampire mosquitoes
  10 hippogriffs
  A war dog (D:25)
  2 fire drakes (Zot:5)
  A rock worm (D:14)
  A redback (Spider:2)
  An elf (shapeshifter) (Vaults:8)
  A hungry ghost (D:14)
  2 deep elf fighters
  A swamp worm (Swamp:5)
  A soldier ant (Elf:3)
  2 yellow wasps (D:14)
  A komodo dragon skeleton (Lair:2)
  A cyclops skeleton (D:14)
  2 orc warriors
  A tengu (Elf:3)
  4 black bears (D:25)
  A giant goldfish (Bailey)
  2 ogres
  5 centaurs
  A swamp drake (Zot:4)
  A yak skeleton (Lair:5)
  A giant frog (D:15)
  2 water moccasins
  2 boring beetles (Vaults:8)
  2 giant frog skeletons (Lair:2)
  6 insubstantial wisps
  A mottled dragon skeleton (Elf:3)
  A goliath beetle (Spider:2)
  A hound zombie (Crypt:1)
  2 spiders (Spider:1)
  An iron imp (Abyss)
  A deep elf soldier (Elf:1)
  8 sheep
  A worker ant zombie (D:10)
  A porcupine (Lair:1)
  A boggart (D:16)
  A flying skull (D:24)
  A human (Vaults:1)
  An adder (shapeshifter) (D:27)
  An adder (Lair:6)
  A giant centipede zombie (Crypt:2)
  An ufetubus (Abyss)
  9 orcs
  A gnoll (shapeshifter) (Vaults:8)
  3 hobgoblins
  3 jackals
  3 kobolds
  A giant spore (D:12)
  4 goblins
  2 orc skeletons
  2 orc zombies (D:20)
  2 quokkas
  4 rats
  A ballistomycete (D:12)
  58 butterflies
  3 fungi
  6 plants
  238 toadstools
485 creatures vanquished.

Grand Total: 4363 creatures vanquished

Notes
Turn   | Place    | Note
--------------------------------------------------------------
     0 | D:1      | CodaKJazz, the Sludge Elf Stalker, began the quest for the Orb.
     0 | D:1      | Reached XP level 1. HP: 13/13 MP: 1/1
    91 | D:1      | Reached skill level 1 in Short Blades
   864 | D:1      | Reached skill level 1 in Throwing
   864 | D:1      | Reached XP level 2. HP: 16/18 MP: 3/3
   868 | D:1      | Learned a level 2 spell: Evaporate
  1813 | D:2      | Found a white marble altar of Elyvilon.
  1814 | D:2      | Found a glowing silver altar of Zin.
  1814 | D:2      | Found a glowing golden altar of the Shining One.
  1823 | D:2      | Became a worshipper of Elyvilon the Healer
  1917 | D:2      | Reached XP level 3. HP: 23/23 MP: 4/4
  1922 | D:2      | Noticed Terence
  2103 | D:2      | Reached skill level 1 in Fire Magic
  2109 | D:2      | Reached skill level 3 in Transmutations
  2948 | D:4      | Reached skill level 4 in Dodging
  2948 | D:4      | Reached XP level 4. HP: 17/28 MP: 3/6
  2990 | D:4      | Found Praun's Assorted Antiques.
  3002 | D:4      | Bought a scroll labeled BRAIGG OBRUOCS for 22 gold pieces
  3002 | D:4      | Bought a scroll labeled ALOCLA TICAIDE for 22 gold pieces
  3002 | D:4      | Bought a gluggy yellow potion for 19 gold pieces
  3086 | D:4      | Found Ximom's Antique Armour Shop.
  3095 | D:4      | Bought a pair of boots for 36 gold pieces
  3457 | D:5      | Entered Level 5 of the Dungeon
  3520 | D:5      | Noticed Edmund
  3874 | D:3      | Learned a level 2 spell: Blink
  4152 | D:3      | Reached skill level 1 in Translocations
  4420 | D:4      | Acquired Elyvilon's first power
  4439 | D:4      | Found Xearhuen's Magical Wand Boutique.
  4508 | D:5      | Noticed Prince Ribbit
  4562 | D:4      | Reached XP level 5. HP: 31/33 MP: 8/8
  5873 | D:4      | Bought a helmet for 60 gold pieces
  5920 | D:5      | Noticed a centaur
  6035 | D:5      | Reached XP level 6. HP: 39/39 MP: 9/9
  6268 | D:5      | Noticed an ogre
  6873 | D:2      | You fall through a shaft!
  7237 | D:4      | Bought a wand of confusion (6) for 72 gold pieces
  7366 | D:5      | Learned a level 1 spell: Apportation
  7493 | D:5      | Killed an ogre
  7493 | D:5      | Reached skill level 1 in Evocations
  7493 | D:5      | Reached XP level 7. HP: 44/44 MP: 11/11
  7614 | D:5      | Killed Prince Ribbit
  7614 | D:5      | Reached skill level 5 in Throwing
  8275 | D:6      | Reached XP level 8. HP: 29/51 MP: 14/14
  9388 | D:7      | Noticed Menkaure
  9672 | D:6      | Fell from the grace of Elyvilon
  9961 | D:5      | Killed a centaur
 10487 | D:8      | Found a staircase to the Lair.
 10735 | D:7      | Reached skill level 5 in Dodging
 10950 | D:6      | Reached XP level 9. HP: 54/57 MP: 17/17
 11003 | D:7      | Found a deep blue altar of Sif Muna.
 11187 | D:7      | Reached skill level 5 in Fighting
 11570 | D:7      | Found a sparkling altar of Nemelex Xobeh.
 11578 | D:7      | Became a worshipper of Nemelex Xobeh
 11663 | D:7      | Reached skill level 6 in Fighting
 11717 | D:7      | Found a shimmering altar of Xom.
 11744 | D:7      | Found a staircase to the Ecumenical Temple.
 11832 | D:7      | Received a gift from Nemelex Xobeh
 11847 | D:7      | Learned a level 1 spell: Summon Butterflies
 12163 | D:8      | Reached skill level 1 in Summonings
 12919 | D:8      | Reached skill level 7 in Fighting
 12993 | D:8      | Learned a level 3 spell: Confuse
 13049 | D:8      | Reached skill level 1 in Hexes
 13246 | D:8      | Learned a level 2 spell: Sticks to Snakes
 13323 | D:8      | Found a bloodstained altar of Trog.
 13578 | D:9      | Noticed Psyche
 13680 | D:8      | Acquired Nemelex Xobeh's first power
 14435 | D:1      | Killed Terence
 15223 | D:5      | Killed Edmund
 15223 | D:5      | Reached skill level 1 in Traps & Doors
 15237 | D:5      | Acquired Nemelex Xobeh's second power
 16965 | D:8      | Noticed a queen bee
 17064 | D:8      | Reached XP level 10. HP: 35/66 MP: 20/20
 17344 | D:8      | Reached skill level 5 in Spellcasting
 17790 | D:8      | Received a gift from Nemelex Xobeh
 18756 | D:9      | Noticed Maurice
 18760 | D:9      | Noticed Eustachio
 18885 | D:8      | Found a bloodstained altar of Trog.
 18921 | D:8      | Killed a queen bee
 19517 | D:8      | Reached skill level 5 in Evocations
 19797 | D:10     | Entered Level 10 of the Dungeon
 20030 | D:10     | Learned a level 3 spell: Passwall
 20034 | D:10     | Learned a level 3 spell: Tukima's Dance
 20997 | D:10     | Acquired Nemelex Xobeh's third power
 21007 | D:10     | Reached skill level 8 in Fighting
 21659 | D:10     | Noticed a hill giant
 21991 | D:10     | Killed a hill giant
 21991 | D:10     | Reached XP level 11. HP: 52/72 MP: 13/26
 22274 | D:10     | Reached XP level 10. HP: 56/68 MP: 1/24
 22961 | D:10     | Reached skill level 9 in Fighting
 22963 | D:10     | Acquired Nemelex Xobeh's fourth power
 22963 | D:10     | Received a gift from Nemelex Xobeh
 23029 | D:11     | Found a staircase to the Orcish Mines.
 23032 | D:11     | Found Wav Blou's Weapon Shop.
 23079 | D:11     | Reached XP level 11. HP: 52/73 MP: 19/26
 23388 | D:9      | Reached XP level 10. HP: 59/68 MP: 7/24
 23488 | D:9      | Killed Eustachio
 23529 | D:10     | Paralysed by a giant eyeball for 3 turns
 23816 | D:11     | Found Anaaf's Book Boutique.
 23908 | D:11     | Reached XP level 11. HP: 68/73 MP: 18/26
 25009 | D:10     | Learned a level 4 spell: Dig
 25014 | D:10     | Learned a level 4 spell: Petrify
 25330 | D:10     | Reached skill level 5 in Hexes
 26015 | D:11     | Noticed a hill giant
 26049 | D:11     | Killed a hill giant
 26226 | D:11     | Acquired Nemelex Xobeh's fifth power
 26413 | Orc:1    | Entered Level 1 of the Orcish Mines
 26413 | Orc:1    | Noticed Erolcha
 26414 | Orc:1    | Killed Erolcha
 26416 | Orc:1    | Noticed Joseph
 26452 | D:11     | Received a gift from Nemelex Xobeh
 26999 | D:12     | Reached skill level 5 in Transmutations
 27385 | D:12     | Found Ysiwas' Distillery.
 27388 | D:12     | Bought a potion of heal wounds for 36 gold pieces
 28336 | D:12     | Bought a potion of speed for 66 gold pieces
 28373 | D:11     | Noticed a hill giant
 28637 | D:11     | Killed a hill giant
 28938 | D:11     | Reached skill level 5 in Earth Magic
 29520 | D:11     | Killed Joseph
 29603 | D:11     | Received a gift from Nemelex Xobeh
 30093 | Orc:1    | Received a gift from Nemelex Xobeh
 30274 | Orc:3    | Received a gift from Nemelex Xobeh
 30342 | Orc:3    | Reached skill level 13 in Fighting
 30342 | Orc:3    | Reached XP level 12. HP: 66/86 MP: 22/28
 30343 | Orc:3    | Reached XP level 13. HP: 71/92 MP: 20/29
 30428 | Orc:4    | Entered Level 4 of the Orcish Mines
 30499 | Orc:4    | Found Khafa's Assorted Antiques.
 30523 | Orc:4    | Bought a scroll labeled UZOJIO JUNN for 37 gold pieces
 30551 | Orc:4    | Got a jewelled shield
 30558 | Orc:4    | Identified the +3 shield of the Eternal Void (You acquired it on level 4 of the Orcish Mines)
 30958 | Orc:4    | Reached skill level 1 in Shields
 30963 | Orc:4    | Received a gift from Nemelex Xobeh
 30970 | Orc:4    | Reached XP level 14. HP: 80/99 MP: 12/31
 31510 | D:8      | Found a staircase to the Lair.
 31656 | Lair:1   | Entered Level 1 of the Lair of Beasts
 32207 | D:9      | Killed Psyche
 32611 | D:9      | Received a gift from Nemelex Xobeh
 32623 | D:9      | Killed Maurice
 32623 | D:9      | Reached skill level 14 in Fighting
 33402 | Lair:1   | Got a brightly glowing ring mail
 33435 | Lair:1   | Identified the +5 ring mail "Frio" (You found it on level 1 of the Lair of Beasts)
 33933 | Orc:4    | Received a gift from Nemelex Xobeh
 34632 | D:4      | Bought the +1 cloak of the Thief {+Inv +Lev EV+2 Dex+2 Dam-3 SInv Stlth++} for 939 gold pieces
 34644 | D:4      | Reached skill level 10 in Shields
 34644 | D:4      | Reached XP level 15. HP: 106/106 MP: 31/31
 35011 | Orc:4    | Reached XP level 16. HP: 113/113 MP: 28/32
 35132 | Orc:4    | Received a gift from Nemelex Xobeh
 35346 | Orc:4    | Received a gift from Nemelex Xobeh
 35437 | Orc:3    | Noticed an orc sorcerer
 35559 | Orc:4    | Found Trueg's Magic Scroll Shop.
 35559 | Orc:4    | Found Atadeaw's Book Shoppe.
 35559 | Orc:4    | Found Traizaly's Magic Scroll Shoppe.
 35559 | Orc:4    | Found Sauhaem's Weapon Boutique.
 35562 | Orc:4    | Noticed an ogre mage
 35563 | Orc:4    | Killed an ogre mage
 35564 | Orc:4    | Noticed an ogre mage
 35655 | Orc:4    | Killed an ogre mage
 35675 | Orc:4    | Received a gift from Nemelex Xobeh
 35836 | Orc:4    | Noticed an ogre mage
 35841 | Orc:4    | Killed an ogre mage
 36214 | Orc:3    | Received a gift from Nemelex Xobeh
 36300 | Orc:2    | Received a gift from Nemelex Xobeh
 36690 | D:4      | Bought an ancient ring mail for 216 gold pieces
 36703 | D:4      | Identified the +0 ring mail of the Hot Ocelot (You bought it in a shop on level 4 of the Dungeon)
 36925 | Temple   | Entered the Ecumenical Temple
 37751 | Lair:1   | Reached skill level 10 in Evocations
 39381 | Lair:2   | Reached XP level 17. HP: 106/118 MP: 31/34
 40710 | Lair:2   | Received a gift from Nemelex Xobeh
 41822 | Lair:2   | Received a gift from Nemelex Xobeh
 42764 | Lair:3   | Found a staircase to the Swamp.
 43781 | D:4      | Bought a glowing ring mail for 88 gold pieces
 44240 | Lair:4   | Found an ancient bone altar of Kikubaaqudgha.
 45237 | Lair:4   | Reached skill level 10 in Spellcasting
 45300 | Lair:4   | Found a hole to the Spider Nest.
 45664 | Lair:5   | Got a twitching golden ring
 45820 | Lair:3   | Noticed Gastronok
 45886 | D:8      | Identified the ring of Sapi (You found it on level 5 of the Lair of Beasts)
 45973 | Orc:4    | Received a gift from Nemelex Xobeh
 46075 | Orc:4    | Bought a scroll of identify for 30 gold pieces
 46077 | Orc:4    | Bought a scroll of identify for 30 gold pieces
 46118 | Orc:4    | Bought a scroll of identify for 30 gold pieces
 46118 | Orc:4    | Bought a scroll of curse weapon for 30 gold pieces
 46118 | Orc:4    | Bought a scroll of random uselessness for 15 gold pieces
 46426 | Orc:4    | Bought a scroll of identify for 74 gold pieces
 46501 | Orc:4    | Found a bloodstained altar of Trog.
 46601 | Orc:3    | Received a gift from Nemelex Xobeh
 46605 | Orc:4    | Killed an orc sorcerer
 46832 | Orc:2    | Found Ynusoagu's Antique Armour Boutique.
 47434 | Orc:4    | Bought a scroll of identify for 74 gold pieces
 47436 | Orc:4    | Bought a ring of evasion for 74 gold pieces
 47480 | Orc:4    | Bought a scroll of enchant armour for 82 gold pieces
 48646 | Lair:6   | Received a gift from Nemelex Xobeh
 50801 | Lair:6   | Received a gift from Nemelex Xobeh
 51037 | Lair:6   | Found a shimmering altar of Xom.
 51357 | Lair:6   | Reached skill level 1 in Armour
 51978 | Lair:6   | Received a gift from Nemelex Xobeh
 52460 | Lair:6   | Received a gift from Nemelex Xobeh
 53048 | Lair:7   | Received a gift from Nemelex Xobeh
 53201 | Lair:3   | Killed Gastronok
 53651 | Lair:8   | Entered Level 8 of the Lair of Beasts
 54175 | Orc:2    | Bought a turquoise-encrusted ring mail for 306 gold pieces
 54189 | Orc:2    | Identified the cursed +2 ring mail of Geafidgh (You bought it in a shop on level 2 of the Orcish Mines)
 54226 | Orc:1    | Received a gift from Nemelex Xobeh
 55193 | Lair:7   | Received a gift from Nemelex Xobeh
 55850 | Lair:7   | Received a gift from Nemelex Xobeh
 56386 | Lair:8   | Reached XP level 18. HP: 127/127 MP: 29/36
 57358 | Lair:7   | Received a gift from Nemelex Xobeh
 58406 | D:12     | Received a gift from Nemelex Xobeh
 59325 | D:13     | Found a radiant altar of Vehumet.
 59713 | D:13     | Paralysed by a giant eyeball for 3 turns
 59725 | D:13     | Paralysed by a giant eyeball for 2 turns
 59732 | D:13     | Paralysed by a giant eyeball for 4 turns
 59739 | D:13     | Paralysed by a giant eyeball for 2 turns
 59844 | D:13     | Received a gift from Nemelex Xobeh
 59852 | D:13     | Reached skill level 15 in Fighting
 60466 | D:14     | Entered Level 14 of the Dungeon
 60998 | D:14     | Noticed Nikola
 61019 | D:14     | Killed Nikola
 61025 | D:14     | Noticed Nergalle
 61028 | D:14     | Received a gift from Nemelex Xobeh
 61056 | D:14     | Killed Nergalle
 61340 | D:15     | Entered Level 15 of the Dungeon
 61417 | D:15     | XOM: divination: detect creatures
 61998 | D:14     | Received a gift from Nemelex Xobeh
 64267 | D:16     | Received a gift from Nemelex Xobeh
 67323 | Lair:8   | Found a burning altar of Makhleb.
 67714 | D:7      | Found a sparkling altar of Nemelex Xobeh.
 67725 | D:7      | Found a deep blue altar of Sif Muna.
 67799 | D:7      | Found a shimmering altar of Xom.
 67868 | D:7      | Killed Menkaure
 68190 | Orc:4    | Received a gift from Nemelex Xobeh
 68192 | Orc:4    | Reached skill level 15 in Shields
 68192 | Orc:4    | Reached XP level 19. HP: 133/135 MP: 34/38
 68197 | Orc:4    | Reached skill level 16 in Fighting
 68197 | Orc:4    | Reached XP level 20. HP: 141/144 MP: 29/39
 68856 | Orc:3    | Found a staircase to the Elven Halls.
 69053 | Orc:2    | Bought a smoking ring mail for 306 gold pieces
 69066 | Orc:2    | Identified the +0 ring mail of Weightlessness (You bought it in a shop on level 2 of the Orcish Mines)
 69187 | Elf:1    | Entered Level 1 of the Elven Halls
 69932 | D:11     | Bought a +2,+0 elven long sword for 119 gold pieces
 70211 | D:15     | Reached skill level 1 in Long Blades
 70482 | D:15     | Received a gift from Nemelex Xobeh
 72765 | D:16     | Received a gift from Nemelex Xobeh
 73114 | D:16     | Found a blossoming altar of Fedhas.
 73136 | D:16     | Gained mutation: You are frail (-10% HP). [an efreet/wand of polymorph other]
 73153 | D:16     | Gained mutation: Your body is slowly deteriorating. [an efreet/wand of polymorph other]
 73197 | D:16     | Gained mutation: You are clumsy (Dex -1). [a big kobold/wand of polymorph other]
 73642 | D:8      | Learned a level 2 spell: Sticks to Snakes
 73664 | D:8      | Lost mutation: You are clumsy (Dex -1). [potion of cure mutation]
 73664 | D:8      | Lost mutation: You are frail (-10% HP). [potion of cure mutation]
 73664 | D:8      | Lost mutation: Your body is slowly deteriorating. [potion of cure mutation]
 75408 | D:16     | Reached skill level 5 in Long Blades
 78045 | D:20     | Entered Level 20 of the Dungeon
 78162 | D:20     | Noticed Xtahua
 78269 | D:20     | Received a gift from Nemelex Xobeh
 78279 | D:20     | Noticed Saint Roka
 78294 | D:20     | Reached XP level 21. HP: 91/152 MP: 37/40
 79178 | D:18     | Found a staircase to the Vaults.
 79517 | Orc:4    | Bought a scroll of enchant weapon II for 82 gold pieces
 80039 | D:14     | Learned a level 4 spell: Passage of Golubria
 80093 | D:14     | Received a gift from Nemelex Xobeh
 80231 | D:16     | Reached skill level 5 in Translocations
 80251 | D:16     | Gained mutation: You are weak (Str -1). [mutagenic glow]
 80291 | D:17     | Gained mutation: You digest meat inefficiently. [mutagenic glow]
 80331 | D:17     | Gained mutation: You are frail (-10% HP). [mutagenic glow]
 80671 | D:18     | Found a radiant altar of Vehumet.
 81600 | D:19     | Noticed Roxanne
 81880 | D:20     | Noticed Mennas
 82345 | D:8      | Lost mutation: You digest meat inefficiently. [potion of cure mutation]
 82345 | D:8      | Lost mutation: You are frail (-10% HP). [potion of cure mutation]
 82345 | D:8      | Lost mutation: You are weak (Str -1). [potion of cure mutation]
 82352 | D:8      | Learned a level 4 spell: Leda's Liquefaction
 82358 | D:8      | Learned a level 5 spell: Phase Shift
 82417 | D:8      | Learned a level 3 spell: Conjure Flame
 82575 | Spider:1 | Entered Level 1 of the Spider Nest
 83267 | Spider:1 | Gained mutation: You occasionally shout uncontrollably. [mutagenic glow]
 83327 | Spider:1 | Gained mutation: Your body is slowly deteriorating. [mutagenic glow]
 83348 | Spider:1 | Gained mutation: You have a pair of small antennae on your head. [potion of mutation]
 83348 | Spider:1 | Gained mutation: Your vision is a little blurry. [potion of mutation]
 83348 | Spider:1 | Gained mutation: You are frail (-10% HP). [potion of mutation]
 83349 | Spider:1 | Gained mutation: You have sharp fingernails. [potion of mutation]
 83349 | Spider:1 | Gained mutation: Your spells are a little harder to cast, but a little more powerful. [potion of mutation]
 83350 | Spider:1 | Lost mutation: Your spells are a little harder to cast, but a little more powerful. [potion of mutation]
 83350 | Spider:1 | Gained mutation: You are weak (Str -1). [potion of mutation]
 83350 | Spider:1 | Gained mutation: You have a slow metabolism. [potion of mutation]
 83352 | Spider:1 | Lost mutation: You are frail (-10% HP). [potion of mutation]
 83864 | Spider:2 | Received a gift from Nemelex Xobeh
 84258 | Spider:2 | Received a gift from Nemelex Xobeh
 84900 | Spider:2 | Lost mutation: Your vision is a little blurry. [helix card]
 85569 | Spider:2 | Received a gift from Nemelex Xobeh
 86603 | Spider:5 | Entered Level 5 of the Spider Nest
 88959 | Spider:5 | Received a gift from Nemelex Xobeh
 89571 | Spider:4 | Noticed crawlian's ghost (mighty DEFE)
 89722 | Spider:4 | Killed crawlian's ghost
 89805 | Spider:5 | Reached skill level 10 in Translocations
 91279 | Spider:5 | Got a gossamer rune of Zot
 91743 | Spider:3 | Reached XP level 22. HP: 140/157 MP: 34/40
 92226 | Spider:3 | Learned a level 6 spell: Dispersal
 92228 | Spider:3 | Received a gift from Nemelex Xobeh
 92738 | Swamp:1  | Entered Level 1 of the Swamp
 92894 | Swamp:1  | Received a gift from Nemelex Xobeh
 93068 | Swamp:1  | Got a brightly glowing cap
 93071 | Swamp:1  | Identified the +2 cap "Plejeetsoodu" (You drew the Genie on level 1 of the Swamp)
 93900 | Swamp:2  | Reached skill level 10 in Long Blades
 94052 | Swamp:2  | You fall through a shaft!
 94060 | Swamp:3  | Noticed Mara
 94076 | Swamp:3  | Noticed Mara
 94076 | Swamp:3  | Noticed Mara
 94086 | Swamp:3  | Noticed CodaKJazz's illusion
 94298 | D:9      | Gained mutation: You have supernaturally acute eyesight. [mutagenic glow]
 94506 | D:18     | Received a gift from Nemelex Xobeh
 94994 | D:20     | Noticed Agnes
 95259 | D:21     | Found Ehixaism's Antique Armour Emporium.
 95445 | D:21     | Bought a shimmering ring mail for 369 gold pieces
 95458 | D:21     | Identified the +5 ring mail "Owaid" (You bought it in a shop on level 21 of the Dungeon)
 95760 | D:21     | Found Pnaum's Book Shop.
 96295 | D:22     | Found a one-way gate leading to the halls of Pandemonium.
 96388 | D:22     | Received a gift from Nemelex Xobeh
 96998 | D:25     | Entered Level 25 of the Dungeon
 97198 | D:25     | Received a gift from Nemelex Xobeh
 97291 | D:25     | Received a gift from Nemelex Xobeh
 97394 | D:25     | Found a gateway to Hell.
 97641 | D:26     | Found a blossoming altar of Fedhas.
 97647 | D:26     | Noticed a tentacled monstrosity
 97745 | D:25     | Found a one-way gate to the infinite horrors of the Abyss.
 97910 | D:24     | Reached XP level 23. HP: 83/163 MP: 28/41
 97911 | D:24     | Gained mutation: Your muscles are strong, but stiff (Str +1, Dex -1). [helix card]
 98579 | D:23     | Reached skill level 17 in Fighting
 98682 | D:23     | Received a gift from Nemelex Xobeh
 98959 | D:22     | Noticed Margery
 99176 | D:24     | Reached skill level 5 in Stabbing
 99209 | D:24     | Received a gift from Nemelex Xobeh
100123 | D:23     | Paralysed by a red wasp for 2 turns
100417 | D:26     | Found Woofrak's Antique Armour Boutique.
100429 | D:27     | Entered Level 27 of the Dungeon
100448 | D:27     | Noticed a golden dragon
100452 | D:27     | Received a gift from Nemelex Xobeh
100900 | D:26     | Reached skill level 5 in Traps & Doors
100944 | D:26     | Received a gift from Nemelex Xobeh
101454 | D:25     | Reached XP level 24. HP: 124/171 MP: 40/41
101801 | D:25     | Gained mutation: You sometimes yell uncontrollably. [mutagenic glow]
101861 | D:25     | Gained mutation: You cover ground slowly. [mutagenic glow]
101880 | D:25     | Gained mutation: You are clumsy (Dex -1). [mutagenic glow]
101900 | D:25     | Lost mutation: You have supernaturally acute eyesight. [mutagenic glow]
101900 | D:25     | Gained mutation: Your vision is a little blurry. [mutagenic glow]
101901 | D:25     | Lost mutation: Your vision is a little blurry. [potion of cure mutation]
101901 | D:25     | Lost mutation: You are clumsy (Dex -1). [potion of cure mutation]
101901 | D:25     | Lost mutation: You sometimes yell uncontrollably. [potion of cure mutation]
101901 | D:25     | Lost mutation: Your muscles are strong, but stiff (Str +1, Dex -1). [potion of cure mutation]
101901 | D:25     | Lost mutation: Your body is slowly deteriorating. [potion of cure mutation]
101901 | D:25     | Lost mutation: You have a pair of small antennae on your head. [potion of cure mutation]
101901 | D:25     | Lost mutation: You have sharp fingernails. [potion of cure mutation]
101913 | D:25     | Received a gift from Nemelex Xobeh
102771 | Elf:3    | Entered Level 3 of the Elven Halls
102777 | Elf:3    | Received a gift from Nemelex Xobeh
103297 | Elf:3    | Your ally Utsazxarr died
103866 | Elf:3    | Lost mutation: You are weak (Str -1). [helix card]
103866 | Elf:3    | Gained mutation: You evolve. [helix card]
103867 | Elf:3    | Reached skill level 5 in Armour
103867 | Elf:3    | Reached XP level 25. HP: 172/178 MP: 35/42
103867 | Elf:3    | Received a gift from Nemelex Xobeh
103901 | Elf:3    | Reached XP level 24. HP: 171/171 MP: 34/41
104397 | Elf:2    | Received a gift from Nemelex Xobeh
105124 | Elf:2    | Found Pnaatwow's Food Emporium.
105174 | Elf:2    | Received a gift from Nemelex Xobeh
105291 | Elf:3    | Received a gift from Nemelex Xobeh
105324 | Elf:3    | Reached XP level 25. HP: 111/180 MP: 14/42
105388 | Elf:3    | XOM: divination: magic mapping
105694 | Elf:3    | Cast into the Abyss (deep elf sorcerer)
105694 | Abyss    | Found a corrupted altar of Lugonu.
106218 | Abyss    | Gained mutation: You are dopey (Int -1). [a neqoxec]
106234 | Abyss    | Gained mutation: Your vision is a little blurry. [a neqoxec]
106237 | Abyss    | Gained mutation: You digest meat inefficiently. [a neqoxec]
106239 | Abyss    | Gained mutation: Your magical capacity is low (-10% MP). [a neqoxec]
106294 | Abyss    | Received a gift from Nemelex Xobeh
106354 | Abyss    | Reached skill level 15 in Spellcasting
106939 | Abyss    | HP: 3/181 [skeletal warrior/halberd (12)]
106955 | Abyss    | HP: 6/181 [skeletal warrior/ dwarven hand axe (3)]
107015 | Elf:3    | Escaped the Abyss.
107074 | Elf:2    | Gained mutation: Armour fits poorly on your strangely shaped body. [mutagenic glow]
107091 | Elf:2    | Lost mutation: You have a slow metabolism. [mutagenic glow]
107453 | Elf:1    | Reached skill level 18 in Fighting
107919 | Elf:1    | Got a vibrating zirconium amulet
107942 | Elf:1    | Got a brightly glowing platinum ring
107944 | Elf:1    | Identified the amulet of Frurphiu (You found it on level 1 of the Elven Halls)
107945 | Elf:1    | Identified the ring "Ackubrai" (You found it on level 1 of the Elven Halls)
108242 | Elf:1    | Received a gift from Nemelex Xobeh
108247 | Elf:1    | Lost mutation: You are dopey (Int -1). [helix card]
108770 | D:12     | Bought a potion of heal wounds for 36 gold pieces
108770 | D:12     | Bought 2 potions of speed for 132 gold pieces
108770 | D:12     | Bought a potion of heal wounds for 36 gold pieces
108770 | D:12     | Bought a potion of heal wounds for 36 gold pieces
108770 | D:12     | Bought a potion of curing for 24 gold pieces
108828 | Orc:4    | Bought a potion of curing for 74 gold pieces
108870 | Orc:4    | Bought a scroll of blinking for 82 gold pieces
108870 | Orc:4    | Bought a scroll of teleportation for 45 gold pieces
108870 | Orc:4    | Bought a scroll of fog for 30 gold pieces
109806 | Swamp:2  | Gained mutation: Your system is resistant to poisons. [evolution]
109992 | Swamp:2  | Reached skill level 10 in Dodging
110208 | Swamp:5  | Entered Level 5 of the Swamp
110261 | Swamp:5  | Received a gift from Nemelex Xobeh
111031 | Swamp:4  | Reached XP level 26. HP: 183/189 MP: 39/39
111639 | Swamp:5  | Received a gift from Nemelex Xobeh
111644 | Swamp:5  | Lost mutation: You cover ground slowly. [helix card]
112963 | Swamp:5  | Reached skill level 10 in Earth Magic
113027 | Swamp:5  | Got a decaying rune of Zot
113963 | Vaults:1 | Entered Level 1 of the Vaults
114001 | Vaults:1 | Noticed Snorg
114022 | D:18     | Killed Snorg
114441 | Vaults:1 | Noticed Kirke
114459 | Vaults:1 | Killed Kirke
114630 | Vaults:1 | Received a gift from Nemelex Xobeh
114675 | Vaults:1 | Found Keitz's General Store.
114774 | Vaults:1 | Noticed Norris
114943 | Vaults:1 | Killed Norris
115367 | Vaults:2 | Received a gift from Nemelex Xobeh
115485 | Vaults:2 | Reached skill level 15 in Evocations
115866 | Vaults:2 | Found a glowing silver altar of Zin.
116052 | Vaults:2 | Received a gift from Nemelex Xobeh
116350 | Vaults:2 | Received a gift from Nemelex Xobeh
116509 | Vaults:3 | Reached XP level 27. HP: 170/196 MP: 38/40
117198 | Vaults:3 | Noticed Azrael
117864 | Elf:3    | Cast into the Abyss (deep elf sorcerer)
117877 | Abyss    | Learned a level 2 spell: Repel Missiles
117880 | Abyss    | Learned a level 2 spell: Swiftness
118051 | Elf:3    | Escaped the Abyss.
118058 | Elf:3    | Reached skill level 1 in Charms
118058 | Elf:3    | Reached skill level 1 in Air Magic
118225 | Elf:3    | Cast into the Abyss (deep elf demonologist)
118225 | Abyss    | Found a corrupted altar of Lugonu.
118255 | Abyss    | Found a viscous altar of Jiyva.
118292 | Abyss    | Received a gift from Nemelex Xobeh
118631 | Elf:3    | Escaped the Abyss.
118934 | Elf:3    | Received a gift from Nemelex Xobeh
119405 | Elf:3    | Got an inconspicuous book
119406 | Elf:3    | Identified the Disquisition on Venomous Execration (You found it on level 3 of the Elven Halls)
119503 | Elf:3    | Got a black book
119504 | Elf:3    | Identified the Grimoire of the Land of Plenty (You found it on level 3 of the Elven Halls)
119512 | Elf:3    | Learned a level 5 spell: Bolt of Magma
119607 | Elf:3    | Received a gift from Nemelex Xobeh
119672 | Elf:3    | Received a gift from Nemelex Xobeh
119679 | Elf:3    | Got a transparent short sword
119680 | Elf:3    | Identified the short sword of Responsibility {slay orc, rN+ Curse} (You took it off a deep elf death mage on level 3 of the Elven Halls)
119783 | Elf:3    | Learned a level 3 spell: Regeneration
119798 | Elf:3    | Learned a level 3 spell: Vampiric Draining
119815 | Elf:3    | Received a gift from Nemelex Xobeh
119939 | Elf:3    | Received a gift from Nemelex Xobeh
120100 | D:11     | Bought a book of Enchantments for 600 gold pieces
120799 | D:20     | Killed Agnes
120799 | D:20     | Reached skill level 1 in Conjurations
120912 | D:21     | Killed Margery
121140 | D:21     | Received a gift from Nemelex Xobeh
121858 | D:24     | Gained mutation: You are partially covered in molten scales (AC +1). [evolution]
122129 | D:24     | Received a gift from Nemelex Xobeh
122161 | D:24     | Gained mutation: You have a fast metabolism. [a vampire knight/wand of polymorph other]
122987 | D:26     | Killed a tentacled monstrosity
123484 | D:26     | Noticed a golden dragon
123495 | D:26     | Killed a golden dragon
123506 | D:26     | Noticed a tentacled monstrosity
124206 | D:26     | Received a gift from Nemelex Xobeh
124310 | D:26     | Killed a tentacled monstrosity
124339 | D:27     | Killed a golden dragon
124361 | Bazaar   | Entered a bazaar
124361 | Bazaar   | Found Igre's Antique Armour Emporium.
124361 | Bazaar   | Found Irepoxar's Book Shop.
124361 | Bazaar   | Found Dunaarum's General Store.
124362 | Bazaar   | Found Ceoleu's Armour Shoppe.
124363 | Bazaar   | Found Gongoa's Distillery.
124366 | Bazaar   | Ceoleu's Armour Shoppe was a mimic.
124377 | Bazaar   | Bought a potion of restore abilities for 18 gold pieces
124409 | Bazaar   | Bought a book of Geomancy for 350 gold pieces
124413 | Bazaar   | Learned a level 2 spell: Stoneskin
124419 | Bazaar   | Bought a potion of speed for 99 gold pieces
124419 | Bazaar   | Bought a potion of curing for 36 gold pieces
124428 | Bazaar   | Bought a potion of heal wounds for 18 gold pieces
124428 | Bazaar   | Bought a potion of curing for 12 gold pieces
124428 | Bazaar   | Bought 2 potions of curing for 24 gold pieces
124428 | Bazaar   | Bought a potion of curing for 12 gold pieces
124428 | Bazaar   | Bought a potion of restore abilities for 18 gold pieces
124428 | Bazaar   | Bought a potion of heal wounds for 18 gold pieces
124428 | Bazaar   | Bought a potion of curing for 12 gold pieces
124428 | Bazaar   | Bought a potion of curing for 12 gold pieces
124428 | Bazaar   | Bought a potion of brilliance for 15 gold pieces
124428 | Bazaar   | Bought a potion of restore abilities for 18 gold pieces
124443 | Bazaar   | Bought a scroll of enchant weapon I for 99 gold pieces
124685 | D:27     | Received a gift from Nemelex Xobeh
124821 | D:27     | Noticed a golden dragon
124849 | D:27     | Killed a golden dragon
125063 | D:27     | Reached skill level 1 in Necromancy
125083 | D:27     | Received a gift from Nemelex Xobeh
126086 | D:20     | Killed Xtahua
126161 | D:20     | Noticed Boris
126274 | D:19     | Killed Saint Roka
126571 | Vaults:3 | Killed Azrael
126923 | Vaults:5 | Found a staircase to the Hall of Blades.
126945 | Vaults:5 | Reached skill level 5 in Necromancy
126971 | Vaults:5 | Reached skill level 5 in Fire Magic
127026 | Vaults:5 | Reached skill level 5 in Charms
127044 | Vaults:5 | Received a gift from Nemelex Xobeh
127078 | Vaults:5 | Noticed Frances
127091 | Vaults:5 | Killed Frances
127206 | Vaults:4 | Gained mutation: You have sharp toenails. [evolution]
127239 | Vaults:4 | Found a staircase to the Crypt.
127293 | Vaults:4 | Noticed Frederick
127296 | Vaults:4 | Killed Frederick
127539 | Blade    | Entered the Hall of Blades
127662 | Vaults:1 | Bought a meat ration for 60 gold pieces
127662 | Vaults:1 | Bought a meat ration for 60 gold pieces
127662 | Vaults:1 | Bought a potion of invisibility for 82 gold pieces
128051 | Vaults:6 | Found Shredus' Book Shop.
128503 | Vaults:8 | Entered Level 8 of the Vaults
128524 | Vaults:8 | Noticed a golden dragon
128623 | Vaults:8 | Received a gift from Nemelex Xobeh
128661 | Vaults:8 | Gained mutation: Your mind is acute (Int +1). [potion of gain intelligence]
128759 | Vaults:8 | Killed a golden dragon
129326 | Vaults:8 | Got a smoking jade ring
129332 | Vaults:8 | Identified the ring "Ghoaca" (You found it on level 8 of the Vaults)
129339 | Vaults:8 | Received a gift from Nemelex Xobeh
129941 | Vaults:8 | Reached skill level 15 in Dodging
130207 | Vaults:8 | Reached skill level 19 in Evocations
130216 | Vaults:8 | Found Omirghut's Distillery.
130216 | Vaults:8 | Found Vuass' Food Shop.
130310 | Vaults:8 | Noticed a golden dragon
130314 | Vaults:8 | Found Cleag's Magic Scroll Shoppe.
130314 | Vaults:8 | Found Egoy's Magic Scroll Shop.
130630 | Vaults:8 | Killed a golden dragon
130652 | Vaults:8 | Got an ancient graven amulet
130671 | Vaults:8 | Bought an apple for 9 gold pieces
130671 | Vaults:8 | Bought a banana for 14 gold pieces
130671 | Vaults:8 | Bought a bread ration for 48 gold pieces
130671 | Vaults:8 | Bought a pear for 9 gold pieces
130671 | Vaults:8 | Bought a bread ration for 48 gold pieces
130671 | Vaults:8 | Bought a choko for 4 gold pieces
130671 | Vaults:8 | Bought a bread ration for 48 gold pieces
130671 | Vaults:8 | Bought an apple for 9 gold pieces
130671 | Vaults:8 | Bought an apple for 9 gold pieces
131017 | Vaults:8 | Bought a scroll of blinking for 121 gold pieces
131038 | Vaults:8 | Found Tijata's Food Boutique.
131069 | Vaults:8 | Found Ethraohi's Distillery.
131073 | Vaults:8 | Bought a potion of porridge for 22 gold pieces
131096 | Vaults:8 | Found Strim Ipn's Magic Scroll Boutique.
131096 | Vaults:8 | Found Kibioh's Distillery.
131100 | Vaults:8 | Bought a scroll of enchant weapon III for 440 gold pieces
131652 | Vaults:8 | Lost mutation: Armour fits poorly on your strangely shaped body. [helix card]
131655 | Vaults:8 | Lost mutation: You evolve. [helix card]
131670 | Vaults:8 | Identified the amulet of Disaster {Str+4 Dex-3 Int+3} (You took it off a vault guard on level 8 of the Vaults)
131812 | Vaults:8 | Got a polished fire dragon armour
131829 | Vaults:8 | Identified the cursed -4 fire dragon armour "Twiefait" (You found it on level 8 of the Vaults)
131867 | Vaults:8 | Received a gift from Nemelex Xobeh
131973 | Vaults:8 | HP: 5/199 [tentacled monstrosity (11)]
131976 | Vaults:8 | Your ally Fielum died
131991 | Vaults:8 | Noticed a golden dragon
132166 | Vaults:8 | Noticed a golden dragon
132200 | Vaults:8 | Killed a golden dragon
132204 | Vaults:8 | Noticed a golden dragon
132231 | Vaults:8 | Killed a golden dragon
132263 | Vaults:8 | Got a silver rune of Zot
132528 | Vaults:8 | Killed a golden dragon
132528 | Vaults:8 | Reached skill level 10 in Traps & Doors
132620 | Vaults:8 | Bought a meat ration for 44 gold pieces
132620 | Vaults:8 | Bought a meat ration for 44 gold pieces
132620 | Vaults:8 | Bought a meat ration for 44 gold pieces
132620 | Vaults:8 | Bought a meat ration for 44 gold pieces
132620 | Vaults:8 | Bought a meat ration for 44 gold pieces
132804 | Vaults:7 | Received a gift from Nemelex Xobeh
133038 | Crypt:1  | Entered Level 1 of the Crypt
134007 | Lair:8   | Found a viscous altar of Jiyva.
134007 | Lair:8   | Found a staircase to the Slime Pits.
134051 | Slime:1  | Entered Level 1 of the Pits of Slime
135388 | Slime:5  | Gained mutation: You are frail (-10% HP). [a shining eye]
135410 | Slime:5  | Gained mutation: You are partially covered in rough black scales (AC +4, Dex -1). [potion of mutation]
135410 | Slime:5  | Lost mutation: You digest meat inefficiently. [potion of mutation]
135412 | Slime:6  | Entered Level 6 of the Pits of Slime
136140 | Slime:6  | Found a viscous altar of Jiyva.
136145 | Slime:6  | Noticed the royal jelly
138253 | D:19     | Killed Roxanne
138255 | D:19     | Got a rare book
138256 | D:19     | Identified Roxanne's Reference Book on Transmigration and Stones (You took it off Roxanne on level 19 of the Dungeon)
138278 | D:19     | Received a gift from Nemelex Xobeh
138347 | D:20     | Killed Boris
138572 | Hell     | Entered the Vestibule of Hell
138572 | Hell     | Noticed Geryon
138770 | Zot:1    | Entered Level 1 of the Realm of Zot
139026 | Zot:2    | Received a gift from Nemelex Xobeh
139208 | Zot:2    | Noticed a golden dragon
139383 | Zot:1    | Reached skill level 5 in Conjurations
139993 | Zot:1    | Noticed a golden dragon
140018 | Zot:1    | Killed a golden dragon
140728 | Zot:2    | Killed a golden dragon
140899 | Bailey   | Entered a bailey
141143 | Bailey   | Received a gift from Nemelex Xobeh
141399 | Zot:4    | Reached skill level 10 in Armour
141712 | Zot:5    | Entered Level 5 of the Realm of Zot
142245 | D:21     | Killed Mennas
142506 | Vaults:8 | Bought an apple for 8 gold pieces
142506 | Vaults:8 | Bought a pear for 8 gold pieces
142506 | Vaults:8 | Bought a pear for 8 gold pieces
142527 | Vaults:8 | Bought a potion of cure mutation for 805 gold pieces
142705 | Blade    | Received a gift from Nemelex Xobeh
142726 | Blade    | Paralysed by a potion of paralysis for 6 turns
142758 | Blade    | Lost mutation: Your magical capacity is low (-10% MP). [helix card]
142765 | Blade    | Received a gift from Nemelex Xobeh
142883 | Blade    | Received a gift from Nemelex Xobeh
143545 | Slime:6  | Reached skill level 10 in Fire Magic
143883 | Slime:6  | Killed the royal jelly
144003 | Slime:6  | Received a gift from Nemelex Xobeh
144042 | Slime:6  | Learned a level 2 spell: Sure Blade
144069 | Slime:6  | Received a gift from Nemelex Xobeh
144131 | Slime:6  | Got a slimy rune of Zot
144137 | Slime:6  | Got a pitted ivory ring
144168 | Slime:6  | Received a gift from Nemelex Xobeh
144235 | Slime:6  | Got an ancient sabre
144236 | Slime:6  | Identified the cursed sabre of Vecafac {slice, rPois} (You found it on level 6 of the Pits of Slime)
144247 | Slime:6  | Received a gift from Nemelex Xobeh
145172 | Zot:5    | Noticed a curse toe
145716 | Zot:5    | Killed a curse toe
145802 | Zot:5    | Noticed an orb of fire
145809 | Zot:5    | Noticed a Killer Klown
145993 | Zot:4    | Received a gift from Nemelex Xobeh
146225 | Zot:4    | Noticed a golden dragon
146435 | Zot:3    | Identified the ring "Okaas" {Str+3 Int+4} (You found it on level 6 of the Pits of Slime)
146600 | Zot:3    | Noticed a curse toe
146991 | Zot:4    | Lost mutation: Your mind is acute (Int +1). [an orb of fire]
146995 | Zot:4    | Gained mutation: You are dopey (Int -1). [an orb of fire]
147000 | Zot:4    | Killed an orb of fire
147017 | Zot:5    | Noticed a Killer Klown
147160 | Zot:4    | Killed a Killer Klown
147259 | Zot:4    | Killed a Killer Klown
147359 | Zot:5    | Noticed an ancient lich
147660 | Zot:5    | Reached skill level 10 in Conjurations
148890 | Crypt:1  | Received a gift from Nemelex Xobeh
150109 | Crypt:3  | Noticed Donald
150128 | Crypt:3  | Killed Donald
151140 | Vaults:8 | Bought a potion of curing for 46 gold pieces
151140 | Vaults:8 | Bought a potion of heal wounds for 69 gold pieces
151140 | Vaults:8 | Bought a potion of curing for 46 gold pieces
151140 | Vaults:8 | Bought a potion of heal wounds for 69 gold pieces
151206 | Vaults:8 | Received a gift from Nemelex Xobeh
152006 | Zot:5    | Received a gift from Nemelex Xobeh
152534 | Zot:5    | Noticed an ancient lich
152545 | Zot:5    | Noticed an orb of fire
152553 | Zot:5    | Killed from afar by an ancient lich
